Pittsburgh Penguins vs St.Louis Blues
Created - Sunday, November 3, 2024 at 07:57
Goals
|
| Pittsburgh Penguins |
0 |
1 |
2 |
1 |
4 |
| St.Louis Blues |
0 |
3 |
0 |
0 |
3 |
|
Shots
|
| Pittsburgh Penguins |
10 |
22 |
12 |
1 |
45 |
| St.Louis Blues |
9 |
11 |
9 |
1 |
30 |
|
1st period
No Goal
Penalties :
Elias Lindholm (STL) for Holding (Minor) at 8:40
2nd period
1. St.Louis Blues , Robert Thomas 22 (Jake Guentzel 46, Elias Pettersson 42) at 1:45 (PP)
2. Pittsburgh Penguins , Pavel Buchnevich 19 (Erik Karlsson 23, Leon Draisaitl 36) at 1:59
3. St.Louis Blues , Colton Parayko 4 (Mark Stone 33, Jack Eichel 29) at 4:48
4. St.Louis Blues , Alex Tuch 17 (Elias Lindholm 28, Claude Giroux 31) at 16:12
Penalties :
Brian Dumoulin (PIT) for Holding (Minor) at 1:18, Jack Eichel (STL) for Hooking (Minor) at 2:04, Dylan Guenther (PIT) for Interference (Minor) at 5:50, Alex Tuch (STL) for Tripping (Minor) at 17:40
3rd period
5. Pittsburgh Penguins , Mitchell Marner 25 (Phillip Danault 27) at 2:40
6. Pittsburgh Penguins , Gabriel Vilardi 12 (James van Riemsdyk 10, Erik Gudbranson 9) at 9:16
Penalties :
Mark Giordano (PIT) for High sticking (Minor) at 10:24
Overtime #1
7. Pittsburgh Penguins , Jake Neighbours 3 (Jordan Eberle 12) at 3:53
Penalties :
No Penalty
Goalie Stats
Jordan Binnington (PIT), 27 saves from 30 shots - (0.900), W, 29-16-5, 63:53 minutes
Scott Wedgewood (STL), 41 saves from 45 shots - (0.911), OTL, 8-6-7, 63:53 minutes
Players Stats for Pittsburgh Penguins
Player Name G A P +/- PIM S H SB GA TA FO MP PP MP PK MP
------------------------------------------------------------------------------------
Blake Coleman 0 0 0 1 0 1 2 0 0 0 0/0 18:43 3:13 0:00
Brian Dumoulin 0 0 0 0 2 0 0 0 0 1 0/0 17:31 0:00 2:37
Brock Faber 0 0 0 1 0 2 3 0 1 0 0/0 23:37 2:56 2:53
Dylan Guenther 0 0 0 0 2 2 0 0 1 1 0/0 11:09 0:00 0:00
Erik Gudbranson 0 1 1 0 0 1 0 0 0 2 0/0 16:26 0:00 0:00
Erik Karlsson 0 1 1 1 0 4 0 0 0 0 0/0 25:25 3:01 1:32
Gabriel Vilardi 1 0 1 -1 0 2 1 1 0 0 0/3 9:05 0:00 0:00
Jake Neighbours 1 0 1 0 0 1 1 0 0 0 1/2 9:42 0:00 0:00
James van Riemsdyk 0 1 1 -1 0 1 2 1 0 0 0/2 9:05 0:00 0:00
Jean-Gabriel Pageau 0 0 0 0 0 0 0 0 0 0 4/8 11:20 0:00 0:11
Jordan Eberle 0 1 1 1 0 2 1 0 0 2 0/0 11:46 0:00 0:00
Leon Draisaitl 0 1 1 1 0 4 1 0 0 0 17/27 20:37 2:44 2:26
Mark Giordano 0 0 0 1 2 1 2 0 0 1 0/0 19:26 2:56 0:00
Mattias Ekholm 0 0 0 1 0 3 2 1 0 2 0/0 25:41 3:01 1:48
Mitchell Marner 1 0 1 1 0 7 1 1 1 0 1/3 22:14 3:13 1:48
Pavel Buchnevich 1 0 1 1 0 10 0 1 2 0 1/3 19:57 2:44 1:59
Phillip Danault 0 1 1 1 0 1 3 2 1 0 12/18 18:43 3:13 0:00
Sam Reinhart 0 0 0 1 0 3 1 0 2 0 0/1 20:37 2:44 2:26
Players Stats for St.Louis Blues
Player Name G A P +/- PIM S H SB GA TA FO MP PP MP PK MP
------------------------------------------------------------------------------------
Alex Pietrangelo 0 0 0 -2 0 2 2 1 2 2 0/0 24:39 1:47 0:00
Alex Tuch 1 0 1 -1 2 2 3 0 1 0 0/0 12:26 1:47 0:00
Claude Giroux 0 1 1 0 0 2 0 0 1 1 5/6 13:00 2:38 0:00
Colton Parayko 1 0 1 -3 0 2 0 1 0 1 0/0 25:35 0:00 3:11
Dakota Joshua 0 0 0 0 0 1 3 0 0 0 0/0 14:23 0:00 3:03
Elias Lindholm 0 1 1 0 2 0 0 0 0 0 2/3 12:45 1:44 2:07
Elias Pettersson 0 1 1 0 0 0 2 1 1 0 2/3 20:48 2:41 0:40
Jaccob Slavin 0 0 0 -2 0 1 2 1 0 1 0/0 20:42 0:00 2:46
Jack Eichel 0 1 1 -1 2 6 0 1 1 1 11/28 20:14 2:38 0:00
Jake Guentzel 0 1 1 -1 0 4 0 1 0 0 0/0 16:31 2:41 0:00
Jake Sanderson 0 0 0 -1 0 0 1 1 1 1 0/0 21:21 0:00 3:11
Lars Eller 0 0 0 0 0 1 1 0 0 0 4/8 14:46 0:00 2:32
Logan O'Connor 0 0 0 0 0 3 2 1 0 0 0/0 14:49 0:00 2:32
Mark Stone 0 1 1 0 0 1 2 0 2 1 0/1 17:30 1:44 0:00
Mikhail Sergachev 0 0 0 2 0 1 3 0 0 0 0/0 12:44 0:00 0:00
Nick Leddy 0 0 0 2 0 1 0 1 0 0 0/0 15:29 0:00 2:46
Robert Thomas 1 0 1 -1 0 2 2 0 0 0 7/18 17:24 2:41 1:00
Tage Thompson 0 0 0 -1 0 1 3 1 0 0 0/0 14:26 1:44 0:00
3 Stars
1 - Mitchell Marner (PIT)
2 - Pavel Buchnevich (PIT)
3 - Phillip Danault (PIT)
Power Play
Pittsburgh Penguins - 0 on 3 Attempt(s) - 0.00%
St.Louis Blues - 1 on 3 Attempt(s) - 33.33%
Penalty Kill
Pittsburgh Penguins - 2 on 3 Attempt(s) - 66.67%
- Score 0 goal in Penalty Kill
St.Louis Blues - 3 on 3 Attempt(s) - 100.00%
- Score 0 goal in Penalty Kill
Team Stat
Pittsburgh Penguins - Hits : 20 - Faceoff Wins : 36 - Blocked Shots : 7 - Penalty Minutes : 6
St.Louis Blues - Hits : 26 - Faceoff Wins : 31 - Blocked Shots : 10 - Penalty Minutes : 6
Official
Referees : Marc Joannette and Graham Skilliter
Linesman : Unknown
Game Notes
No Game Note
Finance
Level 1 -- Attendance: 6000 (100.00%) -- Ticket Income $570,000
Level 2 -- Attendance: 4816 (96.32%) -- Ticket Income $274,512
Level 3 -- Attendance: 3000 (100.00%) -- Ticket Income $99,000
Level 4 -- Attendance: 4844 (96.88%) -- Ticket Income $111,412
Luxury Box -- Attendance: 925 (92.50%) -- Ticket Income $179,450
Game was played at the Scottrade Center.
Total Attendance: 19585 (97.93%)
Total Ticket Income: $1,234,374
Other Income: $432,031
Total Income: $1,666,405
Pittsburgh Penguins
5 vs 5 Forward
Center Left Wing Right Wing Time % Phy DF OF
1 Leon Draisaitl Pavel Buchnevich Sam Reinhart 30 1 2 2
2 Phillip Danault Blake Coleman Mitchell Marner 30 1 2 2
3 Jean-Gabriel Pageau Dylan Guenther Jordan Eberle 25 1 2 2
4 Gabriel Vilardi Jake Neighbours James van Riemsdyk 15 1 2 2
5 vs 5 Defense
Defense Defense Time % Phy DF OF
1 Mattias Ekholm Erik Karlsson 35 1 2 2
2 Erik Gudbranson Brock Faber 35 1 2 2
3 Mark Giordano Brian Dumoulin 30 1 2 2
4 Mattias Ekholm Erik Karlsson 0 1 2 2
PowerPlay Forward
Center Left Wing Right Wing Time % Phy DF OF
1 Leon Draisaitl Pavel Buchnevich Sam Reinhart 50 1 2 2
2 Phillip Danault Blake Coleman Mitchell Marner 50 1 2 2
PowerPlay Defense
Defense Defense Time % Phy DF OF
1 Mattias Ekholm Erik Karlsson 50 1 2 2
2 Mark Giordano Brock Faber 50 1 2 2
Penalty Kill 4 Players Forward
Center Wing Time % Phy DF OF
1 Leon Draisaitl Sam Reinhart 50 1 2 2
2 Mitchell Marner Pavel Buchnevich 50 1 2 2
Penalty Kill 4 Players Defense
Defense Defense Time % Phy DF OF
1 Mattias Ekholm Erik Karlsson 50 1 2 2
2 Brian Dumoulin Brock Faber 50 1 2 2
Penalty Kill - 3 Players Forward
Forward Time % Phy DF OF
1 Leon Draisaitl 50 1 2 2
2 Sam Reinhart 50 1 2 2
Penalty Kill - 3 Players Defense
Defense Defense Time % Phy DF OF
1 Mattias Ekholm Erik Karlsson 50 1 2 2
2 Brian Dumoulin Brock Faber 50 1 2 2
4 vs 4 Forward
Center Wing Time % Phy DF OF
1 Leon Draisaitl Sam Reinhart 50 1 2 2
2 Mitchell Marner Pavel Buchnevich 50 1 2 2
4 vs 4 Defense
Defense Defense Time % Phy DF OF
1 Mattias Ekholm Erik Karlsson 50 1 2 2
2 Mark Giordano Brock Faber 50 1 2 2
Last Minutes Offensive
Center Left Wing Right Wing Defense Defense
Leon Draisaitl Pavel Buchnevich Sam Reinhart Mattias Ekholm Erik Karlsson
Last Minutes Defensive
Center Left Wing Right Wing Defense Defense
Leon Draisaitl Pavel Buchnevich Sam Reinhart Mattias Ekholm Erik Karlsson
Goaltenders
Starting : Jordan Binnington
Backup : Marc-Andre Fleury
Extra Forwards
Normal : Jake Neighbours, Jordan Eberle, Jean-Gabriel Pageau - PP : Jake Neighbours, Jordan Eberle - PK : Jean-Gabriel Pageau
Extra Defensemen
Normal : Mark Giordano, Brian Dumoulin, Erik Karlsson - PP : Mark Giordano - PK : Brian Dumoulin, Mattias Ekholm
Penalty Shots
Leon Draisaitl, Sam Reinhart, Mitchell Marner, Pavel Buchnevich, Blake Coleman
Scratches
None
St.Louis Blues
5 vs 5 Forward
Center Left Wing Right Wing Time % Phy DF OF
1 Jack Eichel Elias Pettersson Mark Stone 40 0 2 3
2 Robert Thomas Jake Guentzel Tage Thompson 30 0 2 3
3 Claude Giroux Alex Tuch Elias Lindholm 25 0 3 2
4 Lars Eller Dakota Joshua Logan O'Connor 5 2 2 1
5 vs 5 Defense
Defense Defense Time % Phy DF OF
1 Colton Parayko Alex Pietrangelo 45 1 2 2
2 Jake Sanderson Jaccob Slavin 35 1 2 2
3 Mikhail Sergachev Nick Leddy 20 1 2 2
4 Nick Leddy Colton Parayko 0 1 2 2
PowerPlay Forward
Center Left Wing Right Wing Time % Phy DF OF
1 Robert Thomas Elias Pettersson Jake Guentzel 60 1 0 4
2 Elias Lindholm Tage Thompson Mark Stone 40 1 0 4
PowerPlay Defense
Defense Defense Time % Phy DF OF
1 Jack Eichel Claude Giroux 60 0 1 4
2 Alex Tuch Alex Pietrangelo 40 0 1 4
Penalty Kill 4 Players Forward
Center Wing Time % Phy DF OF
1 Lars Eller Logan O'Connor 50 1 4 0
2 Elias Lindholm Dakota Joshua 50 1 4 0
Penalty Kill 4 Players Defense
Defense Defense Time % Phy DF OF
1 Jake Sanderson Colton Parayko 50 1 4 0
2 Jaccob Slavin Nick Leddy 50 1 4 0
Penalty Kill - 3 Players Forward
Forward Time % Phy DF OF
1 Elias Lindholm 50 0 5 0
2 Lars Eller 50 0 5 0
Penalty Kill - 3 Players Defense
Defense Defense Time % Phy DF OF
1 Jake Sanderson Colton Parayko 50 0 5 0
2 Nick Leddy Jaccob Slavin 50 0 5 0
4 vs 4 Forward
Center Wing Time % Phy DF OF
1 Jack Eichel Elias Pettersson 50 0 2 3
2 Robert Thomas Jake Guentzel 50 0 2 3
4 vs 4 Defense
Defense Defense Time % Phy DF OF
1 Jake Sanderson Alex Pietrangelo 50 1 2 2
2 Colton Parayko Jaccob Slavin 50 1 2 2
Last Minutes Offensive
Center Left Wing Right Wing Defense Defense
Robert Thomas Elias Pettersson Jake Guentzel Jack Eichel Claude Giroux
Last Minutes Defensive
Center Left Wing Right Wing Defense Defense
Lars Eller Logan O'Connor Elias Lindholm Jake Sanderson Colton Parayko
Goaltenders
Starting : Scott Wedgewood
Backup : Connor Hellebuyck
Extra Forwards
Normal : Robert Thomas, Jake Guentzel, Tage Thompson - PP : Mark Stone, Dakota Joshua - PK : Robert Thomas
Extra Defensemen
Normal : Jake Sanderson, Colton Parayko, Jaccob Slavin - PP : Colton Parayko - PK : Jaccob Slavin, Colton Parayko
Penalty Shots
Elias Pettersson, Tage Thompson, Alex Tuch, Jack Eichel, Jake Guentzel
Scratches
Yanni Gourde (Healthy), Colin Blackwell (Healthy), Adam Pelech (Healthy)
% Time on Ice - Pittsburgh Penguins
Lines # - Real PCT - Wanted PCT - Time Play
Normal Forward
1 - 28% - 30% - 13:53
2 - 31% - 30% - 15:31
3 - 22% - 25% - 11:09
4 - 18% - 15% - 9:05
Normal Defense
1 - 38% - 35% - 18:59
2 - 34% - 35% - 16:40
3 - 28% - 30% - 13:59
4 - 0% - 0% - 0:00
PP Forward
1 - 46% - 50% - 2:44
2 - 54% - 50% - 3:13
PP Defense
1 - 51% - 50% - 3:01
2 - 49% - 50% - 2:56
PK Forward
1 - 55% - 50% - 2:26
2 - 45% - 50% - 1:59
PK Defense
1 - 35% - 50% - 1:32
2 - 65% - 50% - 2:53
PK3 Forward
1 - 0% - 50%
2 - 0% - 50%
PK3 Defense
1 - 0% - 50%
2 - 0% - 50%
44 Forward
1 - 56% - 50% - 2:11
2 - 44% - 50% - 1:42
44 Defense
1 - 48% - 50% - 1:53
2 - 52% - 50% - 2:00
Last Minute Offensive - 0:00
Last Minute Defensive - 0:00
Total
Forward - 63:53
Defense - 63:53
|
% Time on Ice - St.Louis Blues
Lines # - Real PCT - Wanted PCT - Time Play
Normal Forward
1 - 32% - 40% - 15:44
2 - 28% - 30% - 13:48
3 - 18% - 25% - 8:54
4 - 23% - 5% - 11:12
Normal Defense
1 - 42% - 45% - 20:51
2 - 33% - 35% - 16:18
3 - 24% - 20% - 11:59
4 - 1% - 0% - 0:30
PP Forward
1 - 61% - 60% - 2:41
2 - 39% - 40% - 1:44
PP Defense
1 - 60% - 60% - 2:38
2 - 40% - 40% - 1:47
PK Forward
1 - 45% - 50% - 2:41
2 - 55% - 50% - 3:16
PK Defense
1 - 54% - 50% - 3:11
2 - 46% - 50% - 2:46
PK3 Forward
1 - 0% - 50%
2 - 0% - 50%
PK3 Defense
1 - 0% - 50%
2 - 0% - 50%
44 Forward
1 - 47% - 50% - 1:49
2 - 53% - 50% - 2:04
44 Defense
1 - 48% - 50% - 1:52
2 - 52% - 50% - 2:01
Last Minute Offensive - 0:00
Last Minute Defensive - 0:00
Total
Forward - 63:53
Defense - 63:53
|
Play-by-Play
1st period
0:01 of 1st period - Leon Draisaitl wins face-off versus Jack Eichel in neutral zone.
0:06 of 1st period - Slapshot by Leon Draisaitl.
0:06 of 1st period - Stopped by Scott Wedgewood with a rebound.
0:16 of 1st period - Wrist shot by Sam Reinhart.
0:16 of 1st period - Shot Misses the Net.
0:32 of 1st period - Wrist shot by Jake Guentzel.
0:32 of 1st period - Stopped by Jordan Binnington without a rebound.
0:33 of 1st period - Claude Giroux wins face-off versus Jean-Gabriel Pageau in Pittsburgh Penguins zone.
0:54 of 1st period - Wrist shot by Gabriel Vilardi.
0:54 of 1st period - Stopped by Scott Wedgewood with a rebound.
0:56 of 1st period - Slapshot by Brock Faber.
0:56 of 1st period - Deflect By James van Riemsdyk.
0:56 of 1st period - Stopped by Scott Wedgewood without a rebound.
0:57 of 1st period - Robert Thomas wins face-off versus Gabriel Vilardi in St.Louis Blues zone.
0:57 of 1st period - Robert Thomas is hit by James van Riemsdyk.
1:23 of 1st period - Mark Giordano is hit by Mikhail Sergachev and loses puck.
2:26 of 1st period - Snap shot by Sam Reinhart.
2:26 of 1st period - Stopped by Scott Wedgewood with a rebound.
2:34 of 1st period - Snap shot by Sam Reinhart.
2:34 of 1st period - Shot Misses the Net.
2:36 of 1st period - Snap shot by Sam Reinhart.
2:36 of 1st period - Stopped by Scott Wedgewood without a rebound.
2:37 of 1st period - Jean-Gabriel Pageau wins face-off versus Jack Eichel in St.Louis Blues zone.
3:06 of 1st period - Wrist shot by Dakota Joshua.
3:06 of 1st period - Shot Blocked by Mattias Ekholm.
3:48 of 1st period - Jean-Gabriel Pageau is hit by Tage Thompson and loses puck.
4:11 of 1st period - Snap shot by Leon Draisaitl.
4:11 of 1st period - Deflect By Pavel Buchnevich.
4:11 of 1st period - Stopped by Scott Wedgewood with a rebound.
4:41 of 1st period - Wrist shot by Dakota Joshua.
4:41 of 1st period - Stopped by Jordan Binnington with a rebound.
4:46 of 1st period - Off-side.
4:47 of 1st period - Jean-Gabriel Pageau wins face-off versus Jack Eichel in neutral zone.
5:13 of 1st period - Jaccob Slavin is hit by Mitchell Marner and loses puck.
5:58 of 1st period - Slapshot by James van Riemsdyk.
5:58 of 1st period - Shot Misses the Net.
6:00 of 1st period - Slapshot by Erik Gudbranson.
6:00 of 1st period - Shot Blocked by Jake Guentzel.
6:02 of 1st period - Snap shot by Brian Dumoulin.
6:02 of 1st period - Deflect By James van Riemsdyk.
6:02 of 1st period - Shot Misses the Net.
6:02 of 1st period - Puck is out of play.
6:03 of 1st period - Jack Eichel wins face-off versus James van Riemsdyk in St.Louis Blues zone.
6:10 of 1st period - Mark Giordano is hit by Elias Pettersson and loses puck.
6:57 of 1st period - Wrist shot by Dylan Guenther.
6:57 of 1st period - Stopped by Scott Wedgewood with a rebound.
6:59 of 1st period - Wrist shot by Dylan Guenther.
6:59 of 1st period - Stopped by Scott Wedgewood without a rebound.
7:00 of 1st period - Leon Draisaitl wins face-off versus Jack Eichel in St.Louis Blues zone.
7:01 of 1st period - Snap shot by Pavel Buchnevich.
7:01 of 1st period - Shot Misses the Net.
8:35 of 1st period - Wrist shot by Sam Reinhart.
8:35 of 1st period - Shot Blocked by Elias Pettersson.
8:37 of 1st period - Slapshot by Brock Faber.
8:37 of 1st period - Stopped by Scott Wedgewood without a rebound.
8:38 of 1st period - Claude Giroux wins face-off versus Phillip Danault in St.Louis Blues zone.
8:40 of 1st period - Minor Penalty to Elias Lindholm for Holding.
8:41 of 1st period - Lars Eller wins face-off versus Leon Draisaitl in St.Louis Blues zone.
8:41 of 1st period - Lars Eller is hit by Leon Draisaitl.
9:17 of 1st period - Slapshot by Mitchell Marner.
9:17 of 1st period - Shot Misses the Net.
10:40 of 1st period - Penalty to Elias Lindholm is over, Elias Lindholm is back on ice.
10:45 of 1st period - Snap shot by Claude Giroux.
10:45 of 1st period - Stopped by Jordan Binnington with a rebound.
11:19 of 1st period - Snap shot by Jack Eichel.
11:19 of 1st period - Stopped by Jordan Binnington without a rebound.
11:20 of 1st period - Jean-Gabriel Pageau wins face-off versus Robert Thomas in Pittsburgh Penguins zone.
11:49 of 1st period - Icing by Phillip Danault.
11:50 of 1st period - Jack Eichel wins face-off versus Phillip Danault in Pittsburgh Penguins zone.
11:57 of 1st period - Wrist shot by Jack Eichel.
11:57 of 1st period - Deflect By Elias Pettersson.
11:57 of 1st period - Shot Misses the Net.
11:57 of 1st period - Puck is out of play.
11:58 of 1st period - Jack Eichel wins face-off versus Leon Draisaitl in Pittsburgh Penguins zone.
12:09 of 1st period - Wrist shot by Jack Eichel.
12:09 of 1st period - Stopped by Jordan Binnington without a rebound.
12:10 of 1st period - Phillip Danault wins face-off versus Jack Eichel in Pittsburgh Penguins zone.
12:14 of 1st period - Icing by Mitchell Marner.
12:15 of 1st period - Phillip Danault wins face-off versus Jack Eichel in Pittsburgh Penguins zone.
13:32 of 1st period - Snap shot by Mitchell Marner.
13:32 of 1st period - Stopped by Scott Wedgewood with a rebound.
13:40 of 1st period - Wrist shot by Jack Eichel.
13:40 of 1st period - Shot Blocked by Mitchell Marner.
13:49 of 1st period - Off-side.
13:50 of 1st period - Leon Draisaitl wins face-off versus Robert Thomas in neutral zone.
14:59 of 1st period - Erik Karlsson is hit by Tage Thompson and loses puck.
15:38 of 1st period - Brock Faber is hit by Dakota Joshua and loses puck.
15:56 of 1st period - Erik Gudbranson is hit by Tage Thompson and loses puck.
16:17 of 1st period - Pavel Buchnevich is hit by Alex Tuch and loses puck.
17:22 of 1st period - Brian Dumoulin is hit by Mikhail Sergachev and loses puck.
17:35 of 1st period - Slapshot by Jack Eichel.
17:35 of 1st period - Stopped by Jordan Binnington with a rebound.
18:25 of 1st period - Wrist shot by Leon Draisaitl.
18:25 of 1st period - Shot Blocked by Jake Sanderson.
18:40 of 1st period - Pavel Buchnevich is hit by Jake Sanderson and loses puck.
18:45 of 1st period - Slapshot by Logan O'Connor.
18:45 of 1st period - Stopped by Jordan Binnington without a rebound.
18:46 of 1st period - Phillip Danault wins face-off versus Mark Stone in Pittsburgh Penguins zone.
19:05 of 1st period - Jack Eichel is hit by Mattias Ekholm and loses puck.
19:17 of 1st period - Icing by Jake Guentzel.
19:18 of 1st period - Robert Thomas wins face-off versus Gabriel Vilardi in St.Louis Blues zone.
19:33 of 1st period - Slapshot by Robert Thomas.
19:33 of 1st period - Stopped by Jordan Binnington without a rebound.
19:34 of 1st period - Jack Eichel wins face-off versus Leon Draisaitl in Pittsburgh Penguins zone.
19:51 of 1st period - Wrist shot by Jack Eichel.
19:51 of 1st period - Stopped by Jordan Binnington without a rebound.
19:52 of 1st period - Claude Giroux wins face-off versus Phillip Danault in Pittsburgh Penguins zone.
Goals for this period are 0 for Pittsburgh Penguins vs 0 for St.Louis Blues.
Shots for this period are 10 for Pittsburgh Penguins vs 9 for St.Louis Blues.
2nd period
0:01 of 2nd period - Leon Draisaitl wins face-off versus Jack Eichel in neutral zone.
0:14 of 2nd period - Slapshot by Jack Eichel.
0:14 of 2nd period - Stopped by Jordan Binnington without a rebound.
0:15 of 2nd period - Robert Thomas wins face-off versus Phillip Danault in Pittsburgh Penguins zone.
1:15 of 2nd period - Wrist shot by Logan O'Connor.
1:15 of 2nd period - Stopped by Jordan Binnington without a rebound.
1:16 of 2nd period - Phillip Danault wins face-off versus Jack Eichel in Pittsburgh Penguins zone.
1:18 of 2nd period - Minor Penalty to Brian Dumoulin for Holding.
1:19 of 2nd period - Leon Draisaitl wins face-off versus Robert Thomas in Pittsburgh Penguins zone.
1:29 of 2nd period - Slapshot by Jake Guentzel.
1:29 of 2nd period - Stopped by Jordan Binnington without a rebound.
1:30 of 2nd period - Mitchell Marner wins face-off versus Robert Thomas in Pittsburgh Penguins zone.
1:45 of 2nd period - Wrist shot by Robert Thomas.
1:45 of 2nd period - Goal by Robert Thomas - Pittsburgh Penguins : 0 - St.Louis Blues : 1.
1:46 of 2nd period - Leon Draisaitl wins face-off versus Jack Eichel in neutral zone.
1:51 of 2nd period - Wrist shot by Pavel Buchnevich.
1:51 of 2nd period - Stopped by Scott Wedgewood with a rebound.
1:53 of 2nd period - Slapshot by Pavel Buchnevich.
1:53 of 2nd period - Shot Misses the Net.
1:55 of 2nd period - Backhand shot by Pavel Buchnevich.
1:55 of 2nd period - Shot Misses the Net.
1:57 of 2nd period - Slapshot by Erik Karlsson.
1:57 of 2nd period - Deflect By Pavel Buchnevich.
1:57 of 2nd period - Stopped by Scott Wedgewood with a rebound.
1:59 of 2nd period - Snap shot by Pavel Buchnevich.
1:59 of 2nd period - Goal by Pavel Buchnevich - Pittsburgh Penguins : 1 - St.Louis Blues : 1.
2:00 of 2nd period - Phillip Danault wins face-off versus Jack Eichel in neutral zone.
2:04 of 2nd period - Minor Penalty to Jack Eichel for Hooking.
2:05 of 2nd period - Phillip Danault wins face-off versus Lars Eller in St.Louis Blues zone.
2:07 of 2nd period - Slapshot by Phillip Danault.
2:07 of 2nd period - Shot Misses the Net.
2:31 of 2nd period - Jaccob Slavin is hit by Mattias Ekholm and loses puck.
4:04 of 2nd period - Penalty to Jack Eichel is over, Jack Eichel is back on ice.
4:15 of 2nd period - Jordan Eberle is hit by Mikhail Sergachev and loses puck.
4:34 of 2nd period - Slapshot by Mattias Ekholm.
4:34 of 2nd period - Stopped by Scott Wedgewood without a rebound.
4:35 of 2nd period - Jack Eichel wins face-off versus James van Riemsdyk in St.Louis Blues zone.
4:40 of 2nd period - Snap shot by Jack Eichel.
4:40 of 2nd period - Shot Misses the Net.
4:42 of 2nd period - Slapshot by Alex Pietrangelo.
4:42 of 2nd period - Stopped by Jordan Binnington with a rebound.
4:44 of 2nd period - Slapshot by Jack Eichel.
4:44 of 2nd period - Stopped by Jordan Binnington with a rebound.
4:46 of 2nd period - Snap shot by Mark Stone.
4:46 of 2nd period - Shot Misses the Net.
4:48 of 2nd period - Slapshot by Colton Parayko.
4:48 of 2nd period - Goal by Colton Parayko - Pittsburgh Penguins : 1 - St.Louis Blues : 2.
4:49 of 2nd period - Claude Giroux wins face-off versus Leon Draisaitl in neutral zone.
5:50 of 2nd period - Minor Penalty to Dylan Guenther for Interference.
5:51 of 2nd period - Robert Thomas wins face-off versus Mitchell Marner in Pittsburgh Penguins zone.
6:33 of 2nd period - Erik Karlsson is hit by Alex Tuch and loses puck.
7:12 of 2nd period - Brock Faber is hit by Robert Thomas and loses puck.
7:50 of 2nd period - Penalty to Dylan Guenther is over, Dylan Guenther is back on ice.
7:59 of 2nd period - Erik Gudbranson is hit by Alex Tuch.
8:51 of 2nd period - Colton Parayko is hit by Brock Faber and loses puck.
9:02 of 2nd period - Wrist shot by Pavel Buchnevich.
9:02 of 2nd period - Stopped by Scott Wedgewood with a rebound.
9:06 of 2nd period - Snap shot by Sam Reinhart.
9:06 of 2nd period - Shot Misses the Net.
9:43 of 2nd period - Blake Coleman is hit by Logan O'Connor and loses puck.
9:54 of 2nd period - Brian Dumoulin is hit by Logan O'Connor and loses puck.
10:01 of 2nd period - Brian Dumoulin is hit by Lars Eller.
10:37 of 2nd period - Slapshot by Mitchell Marner.
10:37 of 2nd period - Shot Misses the Net.
10:39 of 2nd period - Slapshot by Mark Giordano.
10:39 of 2nd period - Stopped by Scott Wedgewood with a rebound.
10:53 of 2nd period - Wrist shot by Mitchell Marner.
10:53 of 2nd period - Deflect By Blake Coleman.
10:53 of 2nd period - Shot Misses the Net.
10:53 of 2nd period - Puck is out of play.
10:54 of 2nd period - Leon Draisaitl wins face-off versus Jack Eichel in St.Louis Blues zone.
10:55 of 2nd period - Snap shot by Pavel Buchnevich.
10:55 of 2nd period - Shot Blocked by Jack Eichel.
10:57 of 2nd period - Slapshot by Erik Gudbranson.
10:57 of 2nd period - Deflect By Pavel Buchnevich.
10:57 of 2nd period - Stopped by Scott Wedgewood with a rebound.
11:01 of 2nd period - Wrist shot by Leon Draisaitl.
11:01 of 2nd period - Deflect By Mark Stone.
11:01 of 2nd period - Shot Misses the Net.
11:01 of 2nd period - Puck is out of play.
11:02 of 2nd period - Elias Pettersson wins face-off versus Pavel Buchnevich in St.Louis Blues zone.
11:15 of 2nd period - Snap shot by Pavel Buchnevich.
11:15 of 2nd period - Stopped by Scott Wedgewood with a rebound.
11:17 of 2nd period - Slapshot by Brock Faber.
11:17 of 2nd period - Deflect By Elias Pettersson.
11:17 of 2nd period - Stopped by Scott Wedgewood with a rebound.
11:19 of 2nd period - Slapshot by Erik Gudbranson.
11:19 of 2nd period - Deflect By Mark Stone.
11:19 of 2nd period - Stopped by Scott Wedgewood without a rebound.
11:20 of 2nd period - Robert Thomas wins face-off versus Jean-Gabriel Pageau in St.Louis Blues zone.
11:33 of 2nd period - Wrist shot by Jean-Gabriel Pageau.
11:33 of 2nd period - Shot Blocked by Alex Pietrangelo.
11:35 of 2nd period - Snap shot by Mattias Ekholm.
11:35 of 2nd period - Deflect By Tage Thompson.
11:35 of 2nd period - Stopped by Scott Wedgewood without a rebound.
11:36 of 2nd period - Leon Draisaitl wins face-off versus Jack Eichel in St.Louis Blues zone.
12:09 of 2nd period - Slapshot by Jordan Eberle.
12:09 of 2nd period - Stopped by Scott Wedgewood without a rebound.
12:10 of 2nd period - Robert Thomas wins face-off versus Jean-Gabriel Pageau in St.Louis Blues zone.
12:35 of 2nd period - Mitchell Marner is hit by Mark Stone and loses puck.
13:08 of 2nd period - Wrist shot by Alex Tuch.
13:08 of 2nd period - Stopped by Jordan Binnington with a rebound.
13:10 of 2nd period - Snap shot by Claude Giroux.
13:10 of 2nd period - Shot Misses the Net.
13:22 of 2nd period - Wrist shot by Leon Draisaitl.
13:22 of 2nd period - Stopped by Scott Wedgewood with a rebound.
13:24 of 2nd period - Wrist shot by Leon Draisaitl.
13:24 of 2nd period - Shot Blocked by Tage Thompson.
13:46 of 2nd period - Brock Faber is hit by Dakota Joshua and loses puck.
14:01 of 2nd period - Elias Pettersson is hit by Phillip Danault and loses puck.
14:24 of 2nd period - Slapshot by Erik Karlsson.
14:24 of 2nd period - Stopped by Scott Wedgewood with a rebound.
15:10 of 2nd period - Jordan Eberle is hit by Mark Stone and loses puck.
15:25 of 2nd period - Jake Sanderson is hit by Phillip Danault and loses puck.
15:47 of 2nd period - Robert Thomas is hit by Gabriel Vilardi and loses puck.
16:04 of 2nd period - Snap shot by Claude Giroux.
16:04 of 2nd period - Shot Blocked by James van Riemsdyk.
16:06 of 2nd period - Slapshot by Mikhail Sergachev.
16:06 of 2nd period - Shot Blocked by Gabriel Vilardi.
16:08 of 2nd period - Snap shot by Claude Giroux.
16:08 of 2nd period - Stopped by Jordan Binnington with a rebound.
16:10 of 2nd period - Backhand shot by Elias Lindholm.
16:10 of 2nd period - Shot Misses the Net.
16:12 of 2nd period - Wrist shot by Alex Tuch.
16:12 of 2nd period - Goal by Alex Tuch - Pittsburgh Penguins : 1 - St.Louis Blues : 3.
16:13 of 2nd period - Leon Draisaitl wins face-off versus Jack Eichel in neutral zone.
16:20 of 2nd period - Snap shot by Sam Reinhart.
16:20 of 2nd period - Shot Misses the Net.
16:22 of 2nd period - Wrist shot by Erik Karlsson.
16:22 of 2nd period - Stopped by Scott Wedgewood with a rebound.
16:24 of 2nd period - Snap shot by Leon Draisaitl.
16:24 of 2nd period - Stopped by Scott Wedgewood with a rebound.
16:26 of 2nd period - Snap shot by Sam Reinhart.
16:26 of 2nd period - Deflect By Pavel Buchnevich.
16:26 of 2nd period - Shot Misses the Net.
16:26 of 2nd period - Puck is out of play.
16:27 of 2nd period - Jack Eichel wins face-off versus Pavel Buchnevich in St.Louis Blues zone.
17:10 of 2nd period - Erik Gudbranson is hit by Jaccob Slavin and loses puck.
17:23 of 2nd period - Slapshot by Jaccob Slavin.
17:23 of 2nd period - Shot Misses the Net.
17:25 of 2nd period - Slapshot by Alex Tuch.
17:25 of 2nd period - Shot Blocked by Phillip Danault.
17:27 of 2nd period - Slapshot by Jaccob Slavin.
17:27 of 2nd period - Stopped by Jordan Binnington without a rebound.
17:28 of 2nd period - Pavel Buchnevich wins face-off versus Claude Giroux in Pittsburgh Penguins zone.
17:40 of 2nd period - Minor Penalty to Alex Tuch for Tripping.
17:41 of 2nd period - Phillip Danault wins face-off versus Lars Eller in St.Louis Blues zone.
17:46 of 2nd period - Snap shot by Phillip Danault.
17:46 of 2nd period - Deflect By Mitchell Marner.
17:46 of 2nd period - Stopped by Scott Wedgewood without a rebound.
17:47 of 2nd period - Lars Eller wins face-off versus Phillip Danault in St.Louis Blues zone.
18:00 of 2nd period - Slapshot by Mattias Ekholm.
18:00 of 2nd period - Shot Blocked by Nick Leddy.
18:02 of 2nd period - Slapshot by Phillip Danault.
18:02 of 2nd period - Stopped by Scott Wedgewood without a rebound.
18:03 of 2nd period - Lars Eller wins face-off versus Sam Reinhart in St.Louis Blues zone.
18:33 of 2nd period - Off-side.
18:34 of 2nd period - Phillip Danault wins face-off versus Lars Eller in neutral zone.
18:37 of 2nd period - Logan O'Connor is hit by Blake Coleman and loses puck.
18:52 of 2nd period - Slapshot by Mattias Ekholm.
18:52 of 2nd period - Deflect By Blake Coleman.
18:52 of 2nd period - Stopped by Scott Wedgewood without a rebound.
18:53 of 2nd period - Elias Lindholm wins face-off versus Leon Draisaitl in St.Louis Blues zone.
19:25 of 2nd period - Wrist shot by Jake Sanderson.
19:25 of 2nd period - Deflect By Dakota Joshua.
19:25 of 2nd period - Shot Blocked by Phillip Danault.
19:25 of 2nd period - Puck is out of play.
19:26 of 2nd period - Phillip Danault wins face-off versus Elias Lindholm in Pittsburgh Penguins zone.
19:31 of 2nd period - Slapshot by Erik Karlsson.
19:31 of 2nd period - Shot Misses the Net.
19:35 of 2nd period - Snap shot by Phillip Danault.
19:35 of 2nd period - Shot Misses the Net.
19:37 of 2nd period - Snap shot by Mitchell Marner.
19:37 of 2nd period - Shot Blocked by Jaccob Slavin.
19:39 of 2nd period - Slapshot by Erik Karlsson.
19:39 of 2nd period - Stopped by Scott Wedgewood with a rebound.
19:40 of 2nd period - Penalty to Alex Tuch is over, Alex Tuch is back on ice.
19:41 of 2nd period - Backhand shot by Mitchell Marner.
19:41 of 2nd period - Stopped by Scott Wedgewood with a rebound.
19:43 of 2nd period - Snap shot by Mitchell Marner.
19:43 of 2nd period - Stopped by Scott Wedgewood without a rebound.
19:44 of 2nd period - Jack Eichel wins face-off versus Leon Draisaitl in St.Louis Blues zone.
Goals for this period are 1 for Pittsburgh Penguins vs 3 for St.Louis Blues.
Shots for this period are 22 for Pittsburgh Penguins vs 11 for St.Louis Blues.
3rd period
0:01 of 3rd period - Leon Draisaitl wins face-off versus Jack Eichel in neutral zone.
0:14 of 3rd period - Snap shot by Sam Reinhart.
0:14 of 3rd period - Stopped by Scott Wedgewood with a rebound.
0:16 of 3rd period - Slapshot by Mattias Ekholm.
0:16 of 3rd period - Stopped by Scott Wedgewood without a rebound.
0:17 of 3rd period - Phillip Danault wins face-off versus Robert Thomas in St.Louis Blues zone.
0:20 of 3rd period - Slapshot by Mitchell Marner.
0:20 of 3rd period - Stopped by Scott Wedgewood without a rebound.
0:21 of 3rd period - Phillip Danault wins face-off versus Robert Thomas in St.Louis Blues zone.
0:36 of 3rd period - Wrist shot by Jake Guentzel.
0:36 of 3rd period - Shot Misses the Net.
0:38 of 3rd period - Slapshot by Alex Pietrangelo.
0:38 of 3rd period - Shot Hit the Post.
1:32 of 3rd period - Slapshot by Erik Karlsson.
1:32 of 3rd period - Stopped by Scott Wedgewood without a rebound.
1:33 of 3rd period - Lars Eller wins face-off versus Jake Neighbours in St.Louis Blues zone.
1:57 of 3rd period - Mikhail Sergachev is hit by Jake Neighbours and loses puck.
2:16 of 3rd period - Snap shot by Logan O'Connor.
2:16 of 3rd period - Stopped by Jordan Binnington without a rebound.
2:17 of 3rd period - Jack Eichel wins face-off versus Leon Draisaitl in Pittsburgh Penguins zone.
2:34 of 3rd period - Wrist shot by Pavel Buchnevich.
2:34 of 3rd period - Stopped by Scott Wedgewood without a rebound.
2:35 of 3rd period - Phillip Danault wins face-off versus Robert Thomas in St.Louis Blues zone.
2:40 of 3rd period - Wrist shot by Mitchell Marner.
2:40 of 3rd period - Goal by Mitchell Marner - Pittsburgh Penguins : 2 - St.Louis Blues : 3.
2:41 of 3rd period - Leon Draisaitl wins face-off versus Jack Eichel in neutral zone.
2:50 of 3rd period - Wrist shot by Pavel Buchnevich.
2:50 of 3rd period - Shot Blocked by Colton Parayko.
2:52 of 3rd period - Slapshot by Leon Draisaitl.
2:52 of 3rd period - Stopped by Scott Wedgewood with a rebound.
2:54 of 3rd period - Snap shot by Brock Faber.
2:54 of 3rd period - Deflect By Pavel Buchnevich.
2:54 of 3rd period - Stopped by Scott Wedgewood without a rebound.
2:55 of 3rd period - Jack Eichel wins face-off versus Phillip Danault in St.Louis Blues zone.
2:55 of 3rd period - Jack Eichel is hit by Mark Giordano.
3:22 of 3rd period - Tage Thompson is hit by Sam Reinhart and loses puck.
3:57 of 3rd period - Claude Giroux is hit by Brock Faber and loses puck.
4:48 of 3rd period - Nick Leddy is hit by Phillip Danault and loses puck.
5:19 of 3rd period - Mitchell Marner is hit by Dakota Joshua and loses puck.
5:26 of 3rd period - Nick Leddy is hit by Blake Coleman.
5:30 of 3rd period - Slapshot by Mikhail Sergachev.
5:30 of 3rd period - Shot Misses the Net.
6:00 of 3rd period - Slapshot by Phillip Danault.
6:00 of 3rd period - Shot Blocked by Logan O'Connor.
6:02 of 3rd period - Slapshot by Erik Karlsson.
6:02 of 3rd period - Shot Misses the Net.
6:04 of 3rd period - Wrist shot by Phillip Danault.
6:04 of 3rd period - Shot Hit the Post.
6:06 of 3rd period - Snap shot by Mitchell Marner.
6:06 of 3rd period - Stopped by Scott Wedgewood with a rebound.
6:50 of 3rd period - Snap shot by Nick Leddy.
6:50 of 3rd period - Stopped by Jordan Binnington with a rebound.
6:52 of 3rd period - Wrist shot by Mikhail Sergachev.
6:52 of 3rd period - Stopped by Jordan Binnington with a rebound.
8:08 of 3rd period - Snap shot by Mitchell Marner.
8:08 of 3rd period - Deflect By Phillip Danault.
8:08 of 3rd period - Shot Misses the Net.
8:08 of 3rd period - Puck is out of play.
8:09 of 3rd period - Leon Draisaitl wins face-off versus Jack Eichel in St.Louis Blues zone.
8:41 of 3rd period - Jake Guentzel is hit by Brock Faber and loses puck.
9:00 of 3rd period - Icing by Brock Faber.
9:01 of 3rd period - Claude Giroux wins face-off versus Gabriel Vilardi in Pittsburgh Penguins zone.
9:16 of 3rd period - Slapshot by Gabriel Vilardi.
9:16 of 3rd period - Goal by Gabriel Vilardi - Pittsburgh Penguins : 3 - St.Louis Blues : 3.
9:17 of 3rd period - Elias Pettersson wins face-off versus Leon Draisaitl in neutral zone.
9:30 of 3rd period - Snap shot by Elias Pettersson.
9:30 of 3rd period - Deflect By Mark Stone.
9:30 of 3rd period - Shot Misses the Net.
9:30 of 3rd period - Puck is out of play.
9:31 of 3rd period - Jack Eichel wins face-off versus Leon Draisaitl in Pittsburgh Penguins zone.
9:36 of 3rd period - Snap shot by Elias Pettersson.
9:36 of 3rd period - Shot Blocked by Pavel Buchnevich.
9:38 of 3rd period - Slapshot by Alex Pietrangelo.
9:38 of 3rd period - Stopped by Jordan Binnington with a rebound.
9:40 of 3rd period - Wrist shot by Mark Stone.
9:40 of 3rd period - Stopped by Jordan Binnington with a rebound.
10:21 of 3rd period - Snap shot by Jake Guentzel.
10:21 of 3rd period - Stopped by Jordan Binnington without a rebound.
10:22 of 3rd period - Leon Draisaitl wins face-off versus Elias Pettersson in Pittsburgh Penguins zone.
10:24 of 3rd period - Minor Penalty to Mark Giordano for High sticking.
10:25 of 3rd period - Leon Draisaitl wins face-off versus Robert Thomas in Pittsburgh Penguins zone.
10:35 of 3rd period - Snap shot by Jake Guentzel.
10:35 of 3rd period - Stopped by Jordan Binnington without a rebound.
10:36 of 3rd period - Leon Draisaitl wins face-off versus Robert Thomas in Pittsburgh Penguins zone.
12:24 of 3rd period - Penalty to Mark Giordano is over, Mark Giordano is back on ice.
12:33 of 3rd period - Wrist shot by Logan O'Connor.
12:33 of 3rd period - Deflect By Lars Eller.
12:33 of 3rd period - Stopped by Jordan Binnington with a rebound.
12:43 of 3rd period - Slapshot by Sam Reinhart.
12:43 of 3rd period - Shot Misses the Net.
12:45 of 3rd period - Snap shot by Mark Giordano.
12:45 of 3rd period - Deflect By Jake Sanderson.
12:45 of 3rd period - Shot Misses the Net.
12:45 of 3rd period - Puck is out of play.
12:46 of 3rd period - Elias Lindholm wins face-off versus Jean-Gabriel Pageau in St.Louis Blues zone.
13:32 of 3rd period - Mitchell Marner is hit by Jaccob Slavin and loses puck.
14:06 of 3rd period - Erik Karlsson is hit by Alex Pietrangelo and loses puck.
14:25 of 3rd period - Snap shot by Tage Thompson.
14:25 of 3rd period - Stopped by Jordan Binnington without a rebound.
14:26 of 3rd period - Leon Draisaitl wins face-off versus Robert Thomas in Pittsburgh Penguins zone.
14:58 of 3rd period - Wrist shot by Jordan Eberle.
14:58 of 3rd period - Stopped by Scott Wedgewood with a rebound.
17:35 of 3rd period - Alex Tuch is hit by James van Riemsdyk and loses puck.
17:50 of 3rd period - Erik Gudbranson is hit by Alex Pietrangelo and loses puck.
18:50 of 3rd period - Icing by Jake Sanderson.
18:51 of 3rd period - Leon Draisaitl wins face-off versus Lars Eller in St.Louis Blues zone.
19:32 of 3rd period - Wrist shot by Pavel Buchnevich.
19:32 of 3rd period - Stopped by Scott Wedgewood with a rebound.
19:39 of 3rd period - Off-side.
19:40 of 3rd period - Jean-Gabriel Pageau wins face-off versus Robert Thomas in neutral zone.
19:52 of 3rd period - Colton Parayko is hit by Jordan Eberle and loses puck.
Goals for this period are 2 for Pittsburgh Penguins vs 0 for St.Louis Blues.
Shots for this period are 12 for Pittsburgh Penguins vs 9 for St.Louis Blues.
Overtime #1
0:01 of 1st overtime period - Jack Eichel wins face-off versus Leon Draisaitl in neutral zone.
0:04 of 1st overtime period - Mattias Ekholm is hit by Elias Pettersson and loses puck.
0:27 of 1st overtime period - Mitchell Marner is hit by Robert Thomas and loses puck.
0:32 of 1st overtime period - Wrist shot by Jake Guentzel.
0:32 of 1st overtime period - Shot Misses the Net.
0:34 of 1st overtime period - Slapshot by Colton Parayko.
0:34 of 1st overtime period - Stopped by Jordan Binnington without a rebound.
0:35 of 1st overtime period - Robert Thomas wins face-off versus Mitchell Marner in Pittsburgh Penguins zone.
1:02 of 1st overtime period - Colton Parayko is hit by Mark Giordano and loses puck.
3:41 of 1st overtime period - Icing by Jack Eichel.
3:42 of 1st overtime period - Jake Neighbours wins face-off versus Jack Eichel in St.Louis Blues zone.
3:53 of 1st overtime period - Snap shot by Jake Neighbours.
3:53 of 1st overtime period - Goal by Jake Neighbours - Pittsburgh Penguins : 4 - St.Louis Blues : 3.
Goals for this period are 1 for Pittsburgh Penguins vs 0 for St.Louis Blues.
Shots for this period are 1 for Pittsburgh Penguins vs 1 for St.Louis Blues.
Back to the Top